 Dungeon Crawl Stone Soup version 0.31.0-12-g77e489cdc1 (webtiles) character file.

Game seed: 16696272236834912103

287 Fodor the Covered (level 6, -7/53 HPs)
             Began as a Minotaur Fighter on Feb 19, 2024.
             Mangled by an ogre
             ... wielding a +0 giant club
              (11 damage)
             ... on level 5 of the Dungeon.
             The game lasted 00:12:18 (3151 turns).

Fodor the Covered (Minotaur Fighter)                Turns: 3151, Time: 00:12:19

Health: -7/53      AC:  9    Str: 22    XL:     6   Next: 8%
Magic:  5/5        EV:  8    Int:  5    God:
Gold:   176        SH:  4    Dex: 10    Spells: 5/5 levels left

rFire   . . .        a - +0 war axe
rCold   . . .        c - +0 buckler
rNeg    . . .        b - +0 chain mail
rPois   .            (helmet restricted)
rElec   .            (no cloak)
rCorr   .            (no gloves)
SInv    .            (no boots)
Will    .....        (no amulet) Stlth
                     (no ring)
HPRegen 0.28/turn    (no ring)
MPRegen 0.09/turn

%: no passive effects
@: mighty, weakened
A: horns 2, retaliatory headbutt
a: no special abilities


You were on level 5 of the Dungeon.
You visited 1 branch of the dungeon, and saw 5 of its levels.

You collected 176 gold pieces.

Inventory:

Hand Weapons
 a - a +0 war axe (weapon)
Armour
 b - a +0 chain mail (worn)
 c - a +0 buckler (worn)
Talismans
 t - a serpent talisman
Wands
 o - a wand of acid (6)
 p - a wand of roots (7)
Scrolls
 f - 2 scrolls of enchant armour {unknown}
 g - a scroll of fear {unknown}
 i - 5 scrolls of identify {unknown}
 j - 2 scrolls of poison {unknown}
 k - a scroll of silence {unknown}
 l - a scroll of vulnerability {unknown}
 n - a scroll of revelation {unknown}
 r - a scroll of summoning {unknown}
Potions
 e - a potion of brilliance {unknown}
 h - a potion of invisibility {unknown}
 m - 5 potions of curing {unknown}
 q - a potion of berserk rage {unknown}
 s - 2 potions of cancellation {unknown}
 u - a potion of enlightenment {unknown}


   Skills:
 + Level 4.7 Fighting
 + Level 5.0 Axes
 + Level 5.1 Armour
 + Level 1.0 Dodging
 + Level 0.2 Stealth
 + Level 4.7 Shields


You had 5 spell levels left.
You didn't know any spells.
Your spell library contained the following spells:

 Spells                   Type           Power      Damage    Failure   Level
 Blink                    Tloc           0%         N/A       99%         2
 Lesser Beckoning         Tloc           0%         N/A       99%         2
 Momentum Strike          Conj/Tloc      0%         3d8       99%         2


Dungeon Overview and Level Annotations

Branches:
Dungeon (5/15)
 Temple: D:4-7

Altars:
Qazlal
Vehumet

Shops:
D:5 (

Annotations:
D:5 Duvessa


Innate Abilities, Weirdness & Mutations

You have a pair of horns on your head.
You reflexively headbutt those who attack you in melee.


Message History

Found 14 gold pieces.
You feel sick.
A gnoll comes into view.
It is wielding a +0 flail and quivering a throwing net.
Items here: )) [ †.
You feel sick.
An ogre comes into view. It is wielding a +0 giant club.
You feel sick.
A gnoll comes into view. It is wielding a +0 spear.
A gnoll comes into view. It is wielding a +0 flail.
The gnoll barely misses you.
Your attacks no longer feel as feeble.
You feel sick.
You are no longer poisoned.
You see here 3 scrolls labelled DUOGGECUGH.
You see here a book of Dreams.
You feel very mighty all of a sudden. You block the gnoll's attack.
You barely miss the gnoll. You slash the ogre! You slash the gnoll!
The gnoll hits you with a +3 flail. The gnoll hits you but does no damage.
The gnoll bouda gazes fiercely through you!
You feel your attacks grow feeble. The ogre barely misses you.
The gnoll shouts!
You block the gnoll's attack. The gnoll hits you with a +3 flail.
The gnoll hits you with a +0 whip.
You see here 3 scrolls labelled DUOGGECUGH.
The gnoll hits you with a +0 flail.
* * * LOW HITPOINT WARNING * * *
The gnoll hits you but does no damage. You block the gnoll bouda's attack.
The gnoll hits you from afar with a +0 spear.
* * * LOW HITPOINT WARNING * * *
You slash the gnoll!
You kill the gnoll!
You hit the gnoll bouda. You barely miss the gnoll. x2
The gnoll hits you with a +0 flail!
* * * LOW HITPOINT WARNING * * *
The gnoll closely misses you. The gnoll bouda barely misses you.
The gnoll hits you but does no damage. The gnoll hits you with a +0 flail.
* * * LOW HITPOINT WARNING * * *
The ogre hits you with a +0 giant club!
You die...

######### #........
#.$......
###########........
##....<#)..g........
#.......g.@Og.[.....
#.....(....gg........
#....................
#....................
#....................
#...[................
#...............#.###
##.............##.#


You could see an ogre, a gnoll bouda and 4 gnolls.

Vanquished Creatures
  A scorpion (D:4)
  A jelly (D:4)
  An iguana (D:5)
  An orc wizard (D:5)
  A gnoll (D:5)
  7 adders
  2 dart slugs
  10 orcs
  3 ball pythons
  7 endoplasms
  A giant cockroach (D:1)
  4 goblins
  A hobgoblin (D:1)
  3 jackals (D:1)
  12 kobolds
  3 quokkas
  9 bats
  4 frilled lizards
  5 rats
76 creatures vanquished.

Notes
Turn   | Place    | Note
-------+----------+-------------------------------------------
     0 | D:1      | Fodor the Minotaur Fighter began the quest for the Orb.
     0 | D:1      | Reached XP level 1. HP: 19/19 MP: 0/0
   187 | D:1      | Reached XP level 2. HP: 22/27 MP: 1/1
   588 | D:1      | Reached XP level 3. HP: 32/33 MP: 2/2
   762 | D:2      | Found a faded altar of an unknown god.
  1074 | D:2      | Found a radiant altar of Vehumet.
  1167 | D:3      | Identified the +0 ring mail "Cux Gaucvu" {+Blink}
  1315 | D:3      | Found a stormy altar of Qazlal.
  1616 | D:3      | Reached XP level 4. HP: 40/40 MP: 3/3
  2036 | D:4      | Noticed a scorpion
  2040 | D:4      | Killed a scorpion
  2041 | D:4      | Reached XP level 5. HP: 45/47 MP: 4/4
  2106 | D:4      | You fall into a shaft and drop 1 floor!
  2106 | D:5      | Entered Level 5 of the Dungeon
  2106 | D:5      | Found Kiupor's Antique Weapon Boutique.
  2113 | D:5      | Noticed Duvessa
  2126 | D:4      | Reached skill level 1 in Dodging
  3134 | D:5      | Reached skill level 5 in Armour
  3141 | D:5      | Reached skill level 5 in Axes
  3141 | D:5      | Reached XP level 6. HP: 33/53 MP: 5/5
  3151 | D:5      | Mangled by an ogre

Illustrated notes

Levels and vault maps discovered:
D:1:      amcnicky_arrival_double_pillar, layout_loops_cross
D:2:      layout_basic, basic_altar, basic_ecumenical_altar
D:3:      minmay_skewed_foursquare, layout_basic, mainiacjoe_overflow_alcove_1
D:4:      layout_gridville, glass_columns_a, guppyfry_early_lair_pool
D:5:      layout_rooms, serial_shops, shop, uniq_duvessa, uniq_edmund

Skill      XL: |  1  2  3  4  5 |
---------------+----------------+-----
Armour         | 4 5 |  5.1
Shields        | 4 |  4.7
Fighting       | 4 |  4.7
Axes           | 3 4 5 |  5.0
Dodging        | 1 |  1.0
Stealth        | |  0.2

Action                     |  1- 3 |  4- 6 || total
---------------------------+-------+-------++-------
  Melee: War axe           |    71 |    80 ||   151
         Headbutt          |     5 |     7 ||    12
    Use: Potion            |       |     1 ||     1
 Armour: Scale mail        |     9 |       ||     9
         Chain mail        |    71 |    87 ||   158
  Dodge: Dodged            |    54 |    38 ||    92
  Block: Buckler           |    26 |    24 ||    50
